 Dungeon Crawl Stone Soup version 0.19.1 (webtiles) character file.

469 Wardy123 the Conjurer (level 6, -6/32 HPs)
             Began as a Deep Elf Conjurer on Nov 25, 2016.
             Was an Initiate of Sif Muna.
             Mangled by Pikel
             ... wielding a +2 whip of flaming
              (10 damage)
             ... on level 5 of the Dungeon on Nov 26, 2016.
             The game lasted 00:16:04 (3672 turns).

Wardy123 the Conjurer (Deep Elf Conjurer)           Turns: 3672, Time: 00:16:04

Health: -6/32      AC:  3    Str:  5    XL:     6   Next: 82%
Magic:  1/17       EV: 13    Int: 22    God:    Sif Muna [......]
Gold:   225        SH:  0    Dex: 15    Spells: 3 memorised, 11 levels left

rFire  x . .     SeeInvis .     k - +0 rapier
rCold  + . .     Gourm    .     a - +0 robe
rNeg   . . .     Faith    .     (no shield)
rPois  .         Spirit   .     (no helmet)
rElec  .         Reflect  .     l - +0 cloak
rCorr  .         Harm     .     (no gloves)
MR     .....                    (no boots)
Stlth  ++........               (no amulet)
                                y - ring of flight
                                h - ring of ice

@: no status effects
A: no striking features
a: Renounce Religion, Evoke Flight


You were on level 5 of the Dungeon.
You worshipped Sif Muna.
Sif Muna was noncommittal.
You were not hungry.

You visited 2 branches of the dungeon, and saw 6 of its levels.

You collected 225 gold pieces.

Inventory:

Hand Weapons
 k - a +0 rapier (weapon)
 p - a +2 hand axe of freezing
Armour
 a - a +0 robe (worn)
 l - a +0 cloak (worn)
Jewellery
 h - a ring of ice (left hand)
 y - a ring of flight (right hand)
Wands
 s - a wand of polymorph (12/24)
Scrolls
 d - 3 scrolls of enchant weapon {unknown}
 e - 6 scrolls of identify {unknown}
 f - 3 scrolls of fog {unknown}
 g - 3 scrolls of magic mapping {unknown}
 m - a scroll of blinking {unknown}
 n - 4 scrolls of remove curse {unknown}
 q - a scroll of amnesia {unknown}
 r - 3 scrolls of random uselessness {unknown}
 A - a scroll of teleportation {unknown}
 E - a scroll of immolation {unknown}
Potions
 i - 2 potions of brilliance {unknown}
 j - 2 potions of flight {unknown}
 o - a potion of mutation {unknown}
 t - 2 potions of curing {unknown}
 v - a potion of berserk rage {unknown}
 w - a potion of beneficial mutation {unknown}
 x - a potion of heal wounds {unknown}
 z - a potion of agility {unknown}
 B - 2 potions of magic {unknown}
 C - a potion of cure mutation {unknown}
 D - a potion of might {unknown}
Books
 b - a book of Conjurations

   Spells                             Type                      Level
   a - Magic Dart                     Conjuration                  1
   b - Searing Ray                    Conjuration                  2
   c - Dazzling Spray                 Conjuration/Hexes            3
   d - Fulminant Prism                Conjuration/Hexes            4
   e - Iskenderun's Mystic Blast      Conjuration                  4
   f - Iskenderun's Battlesphere      Conjuration/Charms           5
Comestibles
 c - 3 bread rations
 u - a beef jerky
 F - a slice of pizza
 G - 2 chunks of flesh


   Skills:
 + Level 0.2 Fighting
 - Level 2.4 Dodging
 - Level 2.4 Stealth
 + Level 6.4 Spellcasting
 + Level 7.6 Conjurations


You had 11 spell levels left.
You knew the following spells:

 Your Spells              Type           Power        Failure   Level  Hunger
a - Magic Dart            Conj           ####         1%          1    None
b - Searing Ray           Conj           #####.       1%          2    None
c - Dazzling Spray        Conj/Hex       ###...       8%          3    #......


Dungeon Overview and Level Annotations

Branches:
Dungeon (5/15)             Temple (1/1) D:4

Altars:
Ashenzari
Cheibriados
Elyvilon
Fedhas
Gozag
Kikubaaqudgha
Nemelex Xobeh
Sif Muna
Uskayaw
Xom
Yredelemnul
Zin
The Shining One

Annotations:
D:5 Pikel


Message History

Aim: Pikel, wielding a whip of flaming and wearing a runed robe (lightly wounded)
The searing ray hits Pikel.
Pikel is moderately wounded.
Pikel hits you with a whip of flaming. Pikel burns you.
The searing ray hits Pikel.
Pikel is moderately wounded.
Pikel hits you with a whip of flaming! Pikel burns you.
The searing ray hits Pikel.
Pikel is moderately wounded.
Pikel hits you with a whip of flaming.
* * * LOW HITPOINT WARNING * * *
Pikel burns you.
* * * LOW HITPOINT WARNING * * *
You hit Pikel but do no damage.
Pikel is moderately wounded.
Pikel hits you but does no damage.
You hit Pikel but do no damage.
Pikel is moderately wounded.
Pikel closely misses you. Pikel hits you with a whip of flaming!
You die...

####### #..K@<#
#.##### #..÷..#
#####.♣
...........?..>
##...)..#♣###..
#..K...#
#[......
..p......


You could see Pikel.

Vanquished Creatures
  An ogre (D:4)
  An orc priest (D:5)
  6 hounds
  2 worker ants (D:4)
  A gnoll (D:2)
  4 adders
  An adder skeleton (D:4)
  A worm (D:4)
  A dart slug (D:1)
  2 leopard geckos
  8 orcs
  A ball python (D:1)
  5 bats
  3 giant cockroaches
  2 goblins
  7 hobgoblins
  11 jackals
  2 quokkas
  3 frilled lizards
  7 kobolds
  A leopard gecko skeleton (D:4)
  A leopard gecko zombie (D:3)
  5 rats
76 creatures vanquished.

Notes
Turn   | Place    | Note
-------+----------+-------------------------------------------
     0 | D:1      | Wardy123 the Deep Elf Conjurer began the quest for the Orb.
     0 | D:1      | Reached XP level 1. HP: 10/10 MP: 6/6
   242 | D:1      | Reached XP level 2. HP: 15/15 MP: 5/8
   246 | D:1      | Learned a level 2 spell: Searing Ray
   386 | D:1      | Reached skill level 5 in Conjurations
   569 | D:1      | You fall through a shaft!
   640 | D:2      | Reached XP level 3. HP: 19/19 MP: 6/9
  1045 | D:2      | Reached XP level 4. HP: 13/24 MP: 3/11
  1047 | D:2      | Reached skill level 6 in Conjurations
  1573 | D:3      | Found an ancient bone altar of Kikubaaqudgha.
  1723 | D:3      | Reached XP level 5. HP: 25/28 MP: 8/13
  1939 | D:3      | Found a shattered altar of Ashenzari.
  2372 | D:4      | Found a staircase to the Ecumenical Temple.
  2379 | Temple   | Entered the Ecumenical Temple
  2589 | Temple   | Became a worshipper of Sif Muna the Loreminder
  2616 | D:4      | Noticed an ogre
  2621 | D:4      | Killed an ogre
  2621 | D:4      | Reached skill level 5 in Spellcasting
  2621 | D:4      | Reached skill level 7 in Conjurations
  2627 | D:4      | Reached XP level 6. HP: 22/32 MP: 1/15
  3185 | D:4      | Found an opulent altar of Gozag.
  3627 | D:5      | Entered Level 5 of the Dungeon
  3643 | D:5      | Learned a level 3 spell: Dazzling Spray
  3654 | D:5      | Noticed Pikel
  3656 | D:5      | Noticed a slave
  3672 | D:5      | Mangled by Pikel

Skill      XL: |  1  2  3  4  5  6 |
---------------+-------------------+-----
Conjurations   | 5 6 7 |  7.6
Spellcasting   | 4 5 6 |  6.4
Fighting       | |  0.2
Dodging        | |  2.4
Stealth        | |  2.4

Action                   |  1- 3 |  4- 6 || total
-------------------------+-------+-------++-------
Melee: Rapier            |       |     9 ||     9
 Cast: Magic Dart        |    47 |    67 ||   114
       Searing Ray       |     4 |    21 ||    25
       Dazzling Spray    |       |     2 ||     2
  Eat: Chunk             |       |     8 ||     8
Armor: Robe              |     2 |     8 ||    10
Dodge: Dodged            |    19 |    18 ||    37
